 Dungeon Crawl Stone Soup version 0.23-a0-358-g98c7a59 (webtiles) character file.

863 lungs the Shield-Bearer (level 7, -9/60 (61) HPs)
             Began as a Minotaur Fighter on Oct 22, 2018.
             Was a Follower of Fedhas.
             Engulfed by a cloud of flame (20 damage)
             ... on level 5 of the Dungeon.
             The game lasted 00:38:08 (5495 turns).

lungs the Shield-Bearer (Minotaur Fighter)          Turns: 5495, Time: 00:38:09

HP:   -9/60 (61)    AC: 11    Str: 22    XL:     7   Next: 72%
MP:   6/6           EV:  6    Int:  5    God:    Fedhas [*.....]
Gold: 372           SH: 10    Dex: 10    Spells: 6/6 levels left

rFire    . . .     SeeInvis .   a - +1 long sword
rCold    . . .     Gourm    .   c - +0 shield
rNeg     . . .     Faith    .   i - +0 chain mail
rPois    +         Spirit   .   (helmet restricted)
rElec    .         Reflect  .   (no cloak)
rCorr    .         Harm     .   M - +0 pair of gloves
MR       .....                  (no boots)
Stlth    ..........             (no amulet)
HPRegen  0.20/turn              y - ring of poison resistance
MPRegen  0.10/turn              n - ring of poison resistance

@: no status effects
A: retaliatory headbutt, horns 2
a: Fungal Bloom, Sunlight, Renounce Religion


You were on level 5 of the Dungeon.
You worshipped Fedhas.
Fedhas was aware of your devotion.
You were not hungry.

You visited 1 branch of the dungeon, and saw 5 of its levels.

You collected 372 gold pieces.

Inventory:

Hand Weapons
 a - a +1 long sword (weapon)
Missiles
 g - 216 stones (quivered)
 x - 16 sling bullets
 F - 6 curare-tipped needles
 J - 2 poisoned tomahawks
Armour
 b - a +0 scale mail
 c - a +0 shield (worn)
 i - a +0 chain mail (worn)
 m - a +0 robe
 D - a +2 leather armour of poison resistance
 I - a cursed +0 robe
 M - a +0 pair of gloves (worn)
Magical Staves
 z - an uncursed staff of poison {unknown}
Jewellery
 k - an uncursed ring of resist corrosion
 n - a ring of poison resistance (right hand)
 y - a ring of poison resistance (left hand)
Scrolls
 e - 2 scrolls of enchant armour {unknown}
 h - a scroll of enchant weapon
 j - 4 scrolls of teleportation
 r - a scroll of noise
 t - a scroll of random uselessness {unknown}
 w - a scroll of immolation
 C - 2 scrolls of fog {unknown}
 E - 2 scrolls of remove curse
 H - 3 scrolls of amnesia
 K - 2 scrolls of identify {unknown}
Potions
 d - a potion of might
 l - a potion of invisibility {unknown}
 o - a potion of haste {unknown}
 p - 5 potions of curing {unknown}
 q - 2 potions of lignification {unknown}
 s - a potion of cancellation {unknown}
 u - a potion of mutation {unknown}
 v - a potion of degeneration {unknown}
 A - a potion of flight {unknown}
 B - a potion of agility {unknown}
 G - a potion of ambrosia {unknown}
 L - a potion of heal wounds {unknown}
Comestibles
 f - 10 rations


   Skills:
 + Level 5.6 Fighting
 * Level 6.5 Long Blades
 + Level 5.5 Armour
 * Level 7.0 Shields


You had 6 spell levels left.
You didn't know any spells.
Your spell library was empty.

Dungeon Overview and Level Annotations

Branches:
Dungeon (5/15)
 Temple: D:4-7

Altars:
Fedhas
Kikubaaqudgha
Qazlal
Xom


Innate Abilities, Weirdness & Mutations

You reflexively headbutt those who attack you in melee.
You have a pair of horns on your head.


Message History

You slash Menkaure!
Menkaure is severely damaged.
You block Menkaure's attack.
Your shield and chain mail prevent you from hitting Menkaure.
You headbutt Menkaure, but do no damage.
Menkaure is severely damaged.
Menkaure barely misses you.
You slash Menkaure!
Menkaure explodes!
The fiery explosion engulfs you!
Ouch! That really hurt!
* * * LOW HITPOINT WARNING * * *
Your Shields skill increases to level 7!
You are engulfed in blazing flames.
* * * LOW HITPOINT WARNING * * *
You are feeling very hungry.
You eat one of the 11 rations.
That ration really hit the spot!
You are engulfed in blazing flames.
You die...
Fedhas appreciates your contribution to the ecosystem.

#.# .... #.# #..# ##.## # #..##
##...## # ... .#.....### #
..............####
#§###.###.###..... # #§# #. #.#
###### # #.###@###.# #.# #
#.........###'## #
#####.######...## ## ###.#
##.....## .## ##.#.####..(....##
#
..###########................####
.............................'...
...##########................####
.#.# #..######.......## #


There were no monsters in sight!

Vanquished Creatures
  Menkaure (D:5)
  A necrophage (D:4)
  An ice beast (D:5)
  2 vampire bats (D:4)
  A howler monkey (D:5)
  A hound (D:5)
  3 orc wizards
  An iguana (D:5)
  5 worker ants (D:4)
  A hound zombie (D:5)
  7 adders
  A shadow imp (D:5)
  An adder zombie (D:5)
  A worm (D:2)
  A dart slug (D:2)
  A leopard gecko (D:2)
  13 orcs
  3 bat skeletons (D:4)
  3 bat zombies (D:4)
  3 giant cockroaches
  8 goblins
  4 hobgoblins
  2 quokkas
  2 ball pythons
  9 bats
  6 frilled lizards
  11 kobolds
  6 rats
99 creatures vanquished.

Notes
Turn   | Place    | Note
-------+----------+-------------------------------------------
     0 | D:1      | lungs the Minotaur Fighter began the quest for the Orb.
     0 | D:1      | Reached XP level 1. HP: 19/19 MP: 0/0
   293 | D:1      | Reached XP level 2. HP: 27/27 MP: 1/1
  1099 | D:2      | Reached skill level 4 in Shields
  1194 | D:2      | Reached XP level 3. HP: 33/33 MP: 2/2
  1281 | D:2      | Found a faded altar of an unknown god.
  1336 | D:2      | Became a worshipper of Fedhas Madash
  1336 | D:2      | Reached * piety under Fedhas
  1339 | D:2      | Found a stormy altar of Qazlal.
  2247 | D:3      | Reached XP level 4. HP: 37/40 MP: 3/3
  2879 | D:3      | Found a shimmering altar of Xom.
  3170 | D:3      | Reached XP level 5. HP: 44/47 MP: 4/4
  3199 | D:4      | Reached skill level 5 in Shields
  3468 | D:4      | Noticed a necrophage
  3646 | D:4      | Killed a necrophage
  3646 | D:4      | Reached skill level 5 in Long Blades
  3646 | D:4      | Reached XP level 6. HP: 50/54 MP: 5/5
  4185 | D:4      | Found an ancient bone altar of Kikubaaqudgha.
  4190 | D:4      | Reached skill level 5 in Fighting
  4204 | D:4      | Reached skill level 5 in Armour
  4204 | D:4      | Reached skill level 6 in Shields
  4479 | D:5      | Entered Level 5 of the Dungeon
  4512 | D:5      | Reached XP level 7. HP: 48/60 MP: 6/6
  5483 | D:5      | Noticed Menkaure
  5494 | D:5      | Killed Menkaure
  5494 | D:5      | Reached skill level 7 in Shields
  5495 | D:5      | Engulfed by a cloud of flame

Vault maps used:
D:1:      giann_horns
D:2:      lemuel_crystal_altar, chequers_ecumenical_altar_simple
D:3:      kb_forest_paths, lemuel_coloured_pillars_altar, minmay_joined_circles
D:4:      kennysheep_vampire_church, first_ration
D:5:      chequers_temple_overflow_minitemple, chequers_serial_rivers_small_a,
          uniq_menkaure

Skill      XL: |  1  2  3  4  5  6  7 |
---------------+----------------------+-----
Long Blades    | 3 4 5 6 |  6.5
Shields        | 4 5 6 7 |  7.0
Fighting       | 4 5 |  5.6
Armour         | 4 5 |  5.5

Action                   |  1- 3 |  4- 6 |  7- 9 || total
-------------------------+-------+-------+-------++-------
Melee: Long sword        |    80 |   155 |    55 ||   290
       Headbutt          |     9 |    22 |     8 ||    39
Throw: Stone             |     8 |     1 |     2 ||    11
  Use: Scroll            |       |     6 |     1 ||     7
  Eat: Chunk             |     2 |     4 |     1 ||     7
       Ration            |       |     2 |     1 ||     3
Armor: Scale mail        |    32 |    50 |       ||    82
       Chain mail        |     7 |    32 |    17 ||    56
Dodge: Dodged            |    34 |    47 |    16 ||    97
Block: Shield            |    47 |   101 |    31 ||   179
       Rpst.: Long sword |     7 |    12 |     2 ||    21

Table legend:
 A = Non-vault XP
 B = Vault XP
 C = Vault XP percentage of total XP
 D = Non-vault monster count
 E = Vault monster count
 F = Vault count percentage of total count
                 A         B        C        D         E       F
            +---------+---------+-------+---------+---------+-------
      Total |     868 |     365 |  29.6 |      73 |      26 |  26.3
            +---------+---------+-------+---------+---------+-------
        D:1 |      23 |       0 |   0.0 |      15 |       0 |   0.0
        D:2 |      58 |       0 |   0.0 |      17 |       0 |   0.0
        D:3 |      71 |      64 |  47.4 |      12 |      17 |  58.6
        D:4 |     354 |     126 |  26.2 |      14 |       8 |  36.4
        D:5 |     362 |     175 |  32.6 |      15 |       1 |   6.2
            +---------+---------+-------+---------+---------+-------
